 Dungeon Sprint DCSS version 0.28-a0-1356-g2ad6d04315 (webtiles) character file.

Game seed: 4378743076667326475

1535 mhtbhm the Basher (level 9, -2/118 HPs)
             Began as a Human Berserker on Dec 30, 2021.
             Was an Elder of Trog.
             Slain by a death knight (16 damage)
             ... in the Dungeon (Sprint IX: "|||||||||||||||||||||||||||||").
             The game lasted 00:01:03 (955 turns).

mhtbhm the Basher (Human Berserker)                  Turns: 955, Time: 00:01:03

Health: -2/118     AC: 14    Str: 25    XL:     9   Next: 11%
Magic:  9/9        EV: 11    Int: 10    God:    Trog [****..]
Gold:   0          SH:  0    Dex: 13    Spells: 8/8 levels left

rFire   . . .      SeeInvis .   a - +2 morningstar (holy)
rCold   . . .      Faith    .   (no shield)
rNeg    . . .      Spirit   .   b - +1 chain mail
rPois   .          Reflect  .   (no helmet)
rElec   .          Harm     .   k - +0 cloak
rCorr   .          Rampage  .   l - +0 pair of gloves
Will    .....      NoTele   +   (no boots)
Stlth   ..........              (no amulet)
HPRegen 0.29/turn               m - +3 ring of strength
MPRegen 0.11/turn               n - +3 ring of intelligence

@: berserking, very quick
A: no striking features
a: Renounce Religion, Berserk, Trog's Hand, Brothers in Arms


You were in the Dungeon.
You worshipped Trog.
Trog was greatly pleased with you.
You visited 1 branch

Inventory:

Hand Weapons
 a - a +2 morningstar of holy wrath (weapon)
Armour
 b - a +1 chain mail (worn)
 k - a +0 cloak (worn)
 l - a +0 pair of gloves (worn)
Jewellery
 m - a +3 ring of strength (left hand)
 n - a +3 ring of intelligence (right hand)
Wands
 j - a wand of iceblast (9)
Potions
 c - 5 potions of curing
 d - 3 potions of heal wounds
 e - a potion of haste
 f - 4 potions of magic
 g - a potion of berserk rage
 i - a potion of invisibility


   Skills:
 + Level 10.8 Fighting
 + Level 13.0 Maces & Flails
 + Level 7.7 Armour
 + Level 6.7 Dodging
 + Level 2.4 Stealth
 + Level 0.4 Evocations


You had 8 spell levels left.
You didn't know any spells.
Your spell library was empty.

Dungeon Overview and Level Annotations

Branches:
Dungeon (1/1)

Altars:
Cheibriados
Dithmenos
Elyvilon
Fedhas
Gozag
Hepliaklqana
Kikubaaqudgha
Makhleb
Nemelex Xobeh
Okawaru
Qazlal
Ru
Sif Muna
Trog
Uskayaw
Vehumet
Wu Jian
Xom
Yredelemnul
Zin
The Shining One
Beogh
Jiyva
Lugonu


Message History

You puncture the eight-headed hydra!
The eight-headed hydra is almost dead.
The eight-headed hydra closely misses you.
The eight-headed hydra barely misses you. x2
The eight-headed hydra closely misses you.
The eight-headed hydra bites you!
The eight-headed hydra closely misses you.
The eight-headed hydra bites you.
The eight-headed hydra bites you but does no damage.
You puncture the eight-headed hydra!
You feel the power of Trog in you as your rage grows.
You kill the eight-headed hydra!
Trog accepts your kill.
Your Maces & Flails skill gained 2 levels and is now at level 13!
Your Armour skill increases to level 7!
Your Stealth skill increases to level 2!
You have reached level 9!
Your experience leads to an increase in your attributes!
Your base attributes are Str 20, Int 7, Dex 13.
Increase (S)trength, (I)ntelligence, or (D)exterity?
You feel stronger. x2
Unknown command.
The two-headed ogre hits you with a +0 dire flail!
The two-headed ogre hits you with a +0 giant club!
The death knight hits you from afar with a +0 glaive!!
* * * LOW HITPOINT WARNING * * *
Things that are here:
a +0 shortbow; 30 arrows; a hydra corpse You barely miss the two-headed ogre.
You hit the two-headed ogre.
The two-headed ogre is lightly wounded.
The death knight hits you from afar with a +0 glaive!
* * * LOW HITPOINT WARNING * * *
The two-headed ogre barely misses you.
The two-headed ogre hits you with a +0 giant club.
* * * LOW HITPOINT WARNING * * *
You sock the two-headed ogre!
The two-headed ogre is moderately wounded.
The death knight hits you from afar with a +0 glaive!
You die...

▓p▓
▓.▓
▓'▓
▓.▓
▓.▓
▓y▓
▓p▓
▓O▓
▓@▓
▓'▓
▓.▓
▓.▓
▓.▓
▓[▓
▓.▓
▓.▓
▓)▓


You could see a death knight, a two-headed ogre and a vampire mosquito.

Vanquished Creatures
  A hydra (D)
  A shadow (D)
  A wyvern (D)
  A yak (D)
  2 acid dragons (D)
  A necrophage (D)
  2 centaurs (D)
  An adder (D)
  A bat (D)
  2 bat skeletons (D)
  An endoplasm (D)
  A jackal (D)
  2 goblins (D)
17 creatures vanquished.

Notes
Turn   | Place    | Note
-------+----------+-------------------------------------------
     0 | D        | mhtbhm the Human Berserker began the quest for the Orb.
     0 | D        | Reached XP level 1. HP: 18/18 MP: 1/1
    17 | D        | Reached ** piety under Trog
    25 | D        | Reached XP level 2. HP: 13/25 MP: 2/2
   172 | D        | Noticed a necrophage
   172 | D        | Noticed a centaur
   178 | D        | Killed a centaur
   179 | D        | Reached skill level 5 in Fighting
   179 | D        | Reached skill level 6 in Maces & Flails
   179 | D        | Reached XP level 3. HP: 33/34 MP: 3/3
   179 | D        | Reached XP level 4. HP: 39/40 MP: 4/4
   179 | D        | Reached *** piety under Trog
   184 | D        | Killed a necrophage
   185 | D        | Reached skill level 7 in Maces & Flails
   185 | D        | Reached XP level 5. HP: 43/48 MP: 5/5
   310 | D        | Found a snail-covered altar of Cheibriados.
   310 | D        | Found a shadowy altar of Dithmenos.
   310 | D        | Found a white marble altar of Elyvilon.
   310 | D        | Found a blossoming altar of Fedhas.
   310 | D        | Found an opulent altar of Gozag.
   311 | D        | Found a hazy altar of Hepliaklqana.
   312 | D        | Found a viscous altar of Jiyva.
   313 | D        | Found an ancient bone altar of Kikubaaqudgha.
   314 | D        | Found a corrupted altar of Lugonu.
   315 | D        | Found a burning altar of Makhleb.
   316 | D        | Found a sparkling altar of Nemelex Xobeh.
   317 | D        | Found an iron altar of Okawaru.
   318 | D        | Found a stormy altar of Qazlal.
   319 | D        | Found a sacrificial altar of Ru.
   320 | D        | Found a shimmering blue altar of Sif Muna.
   321 | D        | Found a bloodstained altar of Trog.
   322 | D        | Found a hide-covered altar of Uskayaw.
   323 | D        | Found a radiant altar of Vehumet.
   324 | D        | Found an ornate altar of the Wu Jian Council.
   325 | D        | Found a shimmering altar of Xom.
   326 | D        | Found a basalt altar of Yredelemnul.
   327 | D        | Found a glowing silver altar of Zin.
   328 | D        | Found a glowing golden altar of the Shining One.
   336 | D        | Found the +7 Spriggan's Knife {stab, EV+4 Stlth+}
   381 | D        | Noticed an acid dragon
   381 | D        | Noticed an acid dragon
   381 | D        | Noticed a yak
   381 | D        | Noticed a shadow
   381 | D        | Noticed a wyvern
   381 | D        | Noticed a centaur
   385 | D        | Killed a centaur
   385 | D        | Reached **** piety under Trog
   386 | D        | Reached skill level 8 in Maces & Flails
   386 | D        | Reached skill level 5 in Dodging
   386 | D        | Reached XP level 6. HP: 56/56 MP: 6/6
   391 | D        | Killed a wyvern
   392 | D        | Reached skill level 9 in Maces & Flails
   392 | D        | Reached skill level 5 in Armour
   392 | D        | Reached skill level 1 in Stealth
   392 | D        | Reached XP level 7. HP: 63/63 MP: 7/7
   392 | D        | Killed a shadow
   393 | D        | Reached skill level 10 in Maces & Flails
   401 | D        | Killed a yak
   402 | D        | Reached skill level 11 in Maces & Flails
   402 | D        | Reached XP level 8. HP: 39/72 MP: 8/8
   600 | D        | Reached skill level 10 in Fighting
   605 | D        | Reached ***** piety under Trog
   648 | D        | Noticed a brown ugly thing
   648 | D        | Noticed a death knight
   648 | D        | Noticed a two-headed ogre
   648 | D        | Noticed an eight-headed hydra
   951 | D        | Killed an eight-headed hydra
   952 | D        | Reached skill level 13 in Maces & Flails
   952 | D        | Reached XP level 9. HP: 74/79 MP: 9/9
   955 | D        | Slain by a death knight

Illustrated notes

Levels and vault maps discovered:
D:        linesprint [early_d, line_temple, items_1, d_10, items_2, lair_1,
          lair_end, items_3, orc_1, orc_end, items_4, d_15, swamp_1, shoals_1,
          snake_1, spider_1, d_20, vaults_1, items_5, swamp_end, shoals_end,
          snake_end, spider_end, vaults_end, d_27, items_6, zot_1, zot_end,
          crypt_end, forest_end, elf_end, slime_end, tomb_end, abyss_end,
          pan_hell_end]

Skill      XL: |  1  2  3  4  5  6  7  8 |
---------------+-------------------------+-----
Fighting       | 5 7 8 9 10 | 10.8
Maces & Flails | 6 7 8 9 11 13 | 13.0
Armour         | 3 4 5 7 |  7.7
Dodging        | 3 4 5 6 |  6.7
Stealth        | 1 2 |  2.4
Evocations     | |  0.4

Action                   |  1- 3 |  4- 6 |  7- 9 || total
-------------------------+-------+-------+-------++-------
Melee: Mace              |    25 |    13 |       ||    38
       Morningstar       |       |     8 |    30 ||    38
Invok: Berserk           |     1 |     1 |     2 ||     4
Evoke: Wand              |       |       |     1 ||     1
  Use: Scroll            |       |       |     2 ||     2
Armor: Animal skin       |     8 |     1 |       ||     9
       Chain mail        |       |     6 |    12 ||    18
Dodge: Dodged            |    20 |    10 |    21 ||    51

Table legend: (Time is in decaauts)
 A = Elapsed time spent in this place.
 B = Non-inter-level travel time spent in this place.
 C = Inter-level travel time spent in this place.
 D = Time resting spent in this place.
 E = Time spent auto-exploring this place.
 F = Levels seen in this place.
 G = Mean time per level.
                   A        B        C        D        E       F      G
               +--------+--------+--------+--------+--------+-----+--------+
         Total |    978 |    978 |      0 |    779 |      3 |   1 |  978.0 |
       Dungeon |    978 |    978 |      0 |    779 |      3 |   1 |  978.0 |
               +--------+--------+--------+--------+--------+-----+--------+

Top non-repeatable levels by time:
       D: 978 daAuts
